 Dungeon Crawl Stone Soup version 0.23-a0-445-g768d57b (webtiles) character file.

8 Dfrag the Firebug (level 2, 0/19 HPs)
             Began as a Demonspawn Fire Elementalist on Nov 17, 2018.
             Slain by a rat (3 damage)
             ... on level 1 of the Dungeon.
             The game lasted 00:00:25 (91 turns).

Dfrag the Firebug (Demonspawn Fire Elementalist)      Turns: 91, Time: 00:00:26

Health: 0/19       AC:  2    Str:  8    XL:     2   Next: 0%
Magic:  0/5        EV: 12    Int: 16    God:
Gold:   0          SH:  0    Dex: 13    Spells: 4/5 levels left

rFire    . . .     SeeInvis .   (no weapon)
rCold    . . .     Gourm    .   (no shield)
rNeg     . . .     Faith    .   b - +0 robe (curse)
rPois    .         Spirit   .   (no helmet)
rElec    .         Reflect  .   (no cloak)
rCorr    .         Harm     .   (no gloves)
MR       .....                  (no boots)
Stlth    ++........             (no amulet)
HPRegen  0.06/turn              (no ring)
MPRegen  0.09/turn              (no ring)

@: no status effects
A: claws 1
a: no special abilities


You were on level 1 of the Dungeon.
You were not hungry.

You visited 1 branch of the dungeon, and saw 1 of its levels.

Inventory:

Armour
 a - a +0 robe
 b - a cursed +0 robe (worn)
Comestibles
 c - a ration


   Skills:
 - Level 1.7 Dodging
 - Level 1.7 Stealth
 + Level 2.2 Spellcasting
 + Level 1.4 Conjurations
 + Level 2.8 Fire Magic


You had 4 spell levels left.
You knew the following spells:

 Your Spells              Type           Power        Failure   Level  Hunger
a - Flame Tongue          Conj/Fire      #....        9%          1    #......

Your spell library contained the following spells:

 Spells                   Type           Power        Failure   Level  Hunger
 Throw Flame              Conj/Fire      #.....       13%         2    ###....
 Conjure Flame            Conj/Fire      #.......     26%         3    ###....
 Inner Flame              Hex/Fire       #.......     32%         3    ###....
 Sticky Flame             Conj/Fire      #.......     63%         4    #####..
 Fireball                 Conj/Fire      #.........   93%         5    ######.


Dungeon Overview and Level Annotations

Branches:
Dungeon (1/15)

Altars:


Innate Abilities, Weirdness & Mutations

You have sharp fingernails.


Message History

Confirm with . or Enter, or press ? or * to list all spells.
Aiming: Flame Tongue (safe; 9% risk of failure)
Press: ? - help, Shift-Dir - straight line, f/p - giant cockroach
Aim: a giant cockroach (clinging)
The flame tongue hits the giant cockroach.
You kill the giant cockroach!
You have reached level 2!
Your demonic ancestry asserts itself...
Your fingernails lengthen.
Your magical contamination has completely faded away.
Casting: Flame Tongue (safe; 9% risk of failure)
Confirm with . or Enter, or press ? or * to list all spells.
Aiming: Flame Tongue (safe; 9% risk of failure)
Press: ? - help, Shift-Dir - straight line, f - rat
Aim: a rat The flame tongue hits the rat.
The rat is heavily wounded.
Unknown command.
You completely miss the rat. The rat bites you.
You die...

#.. .?. #.##.. ...#
####.##.##.##...#
#..!.....#..#...##
#........#.#......
#...............
#.........##..###
####.#..>.......###
#.#....@r..#...#
#†#.........##
#.#...#####..## .
#.#..#.....#..## .#
#...#.......#..## .##
#..#....<....#..####....
#...#.......#...........
##...#.....#r...........
##..†#####...(.........


You could see a rat.

Vanquished Creatures
  A leopard gecko (D:1)
  A ball python (D:1)
  A bat (D:1)
  A giant cockroach (D:1)
  A goblin (D:1)
  A kobold (D:1)
6 creatures vanquished.

Notes
Turn   | Place    | Note
-------+----------+-------------------------------------------
     0 | D:1      | Dfrag the Demonspawn Fire Elementalist began the quest for
                  | the Orb.
     0 | D:1      | Reached XP level 1. HP: 13/13 MP: 3/3
    74 | D:1      | Gained mutation: You have sharp fingernails. [demonic
                  | ancestry]
    74 | D:1      | Reached XP level 2. HP: 2/19 MP: 0/5
    91 | D:1      | Slain by a rat

Vault maps used:
D:1:      scummos_arrival_hexagon, serial_curves, eino_curves_02,
          eino_curves_02, minmay_misc_feat_encased

Action                   || total
-------------------------++-------
Melee: Unarmed           ||    10
 Cast: Flame Tongue      ||     7
Armor: Robe              ||     6
Dodge: Dodged            ||    18

Table legend:
 A = Non-vault XP
 B = Vault XP
 C = Vault XP percentage of total XP
 D = Non-vault monster count
 E = Vault monster count
 F = Vault count percentage of total count
                 A         B        C        D         E       F
            +---------+---------+-------+---------+---------+-------
      Total |      12 |       0 |   0.0 |       6 |       0 |   0.0
            +---------+---------+-------+---------+---------+-------
        D:1 |      12 |       0 |   0.0 |       6 |       0 |   0.0
            +---------+---------+-------+---------+---------+-------
